 Dungeon Crawl Stone Soup version 0.29.1-2-gbd0b4ee654 (webtiles) character file.

Game seed: 11023355986635737793

700 MisterFreud the Twirler (level 7, -1/61 HPs)
             Began as a Purple Draconian Gladiator on Oct 24, 2022.
             Was an Initiate of Ru.
             Succumbed to an adder's poison
             ... on level 5 of the Dungeon.
             The game lasted 00:04:51 (4466 turns).

MisterFreud the Twirler (DrGl)                      Turns: 4466, Time: 00:04:52

Health: -1/61      AC:  7    Str: 18    XL:     7   Next: 38%
Magic:  7/7        EV: 13    Int:  9    God:    Ru [......]
Gold:   254        SH:  0    Dex: 12    Spells: 6/6 levels left

rFire   . . .      SeeInvis .   a - +0 quarterstaff
rCold   . . .      Faith    .   (shield currently unavailable)
rNeg    . . .      Spirit   .   (body armour unavailable)
rPois   .          Reflect  .   b - +1 hat
rElec   .          Harm     .   (no cloak)
rCorr   .          Rampage  .   (no gloves)
Will    .....                   (no boots)
Stlth   +.........              (no amulet)
HPRegen 0.20/turn               (no ring)
MPRegen 0.10/turn               (no ring)

@: lethally poisoned (-1 -> -6), weak-willed
A: breathe power, AC +6, unfitting armour, cold-blooded
a: Breathe Dispelling Energy, Renounce Religion


You were on level 5 of the Dungeon.
You worshipped Ru.
Ru was noncommittal.
You visited 1 branch of the dungeon, and saw 5 of its levels.

You collected 254 gold pieces.

Inventory:

Hand Weapons
 a - a +0 quarterstaff (weapon)
Missiles
 c - 3 throwing nets (quivered)
 d - a javelin
 l - 3 poisoned darts
 o - 8 atropa-tipped darts
 t - a silver boomerang
 u - 6 boomerangs
Armour
 b - a +1 hat (worn)
Scrolls
 g - 4 scrolls of teleportation
 n - a scroll of butterflies
 q - a scroll of immolation
 r - 3 scrolls of blinking
 s - a scroll of magic mapping
Potions
 e - a potion of mutation
 f - 2 potions of brilliance
 h - 2 potions of curing
 i - a potion of heal wounds
 j - 2 potions of degeneration {unknown}
 k - 2 potions of might {unknown}
 m - a potion of magic {unknown}
 v - a potion of haste {unknown}


   Skills:
 - Level 5.0 Fighting
 + Level 6.1 Staves
 - Level 1.7 Throwing
 - Level 5.0 Dodging


You had 6 spell levels left.
You didn't know any spells.
Your spell library contained the following spells:

 Spells                   Type           Power      Damage    Failure   Level
 Apportation              Tloc           0%         N/A       38%         1
 Necrotise                Necr           0%         1d4       38%         1
 Summon Small Mammal      Summ           0%         N/A       38%         1
 Poisonous Vapours        Pois/Air       0%         N/A       52%         2
 Gell's Gravitas          Tloc           0%         N/A       77%         3
 Teleport Other           Tloc           0%         N/A       77%         3
 Corpse Rot               Necr/Pois/Air  0%         N/A       99%         4
 Dispersal                Tloc           0%         N/A       100%        6


Dungeon Overview and Level Annotations

Branches:
Dungeon (5/15)
 Temple: D:4-7

Altars:
Cheibriados
Makhleb
Qazlal
Ru


Innate Abilities, Weirdness & Mutations

You can breathe bolts of dispelling energy.
Your rich purple scales are hard. (AC +6)
You cannot fit into any form of body armour.
You are cold-blooded and may be slowed by cold attacks.


Message History

Found a stone staircase leading down.
As you read the scroll of blinking, it crumbles to dust.
Found a stone staircase leading down and a stone staircase leading up.
A scorpion comes into view.
An ufetubus comes into view.
The scorpion barely misses you.
An adder comes into view.
There is a stone staircase leading down here.
The scorpion attacks as you move away! The scorpion stings you.
* * * LOW HITPOINT WARNING * * *
You closely miss the adder. The scorpion stings you.
* * * LOW HITPOINT WARNING * * *
You are lethally poisoned!
The scorpion poisons you!
The howler monkey hoots and howls with incredible vigour!
The adder bites you but does no damage. The scorpion barely misses you.
You hear a shout!
You feel better. The adder bites you but does no damage.
The scorpion stings you but does no damage.
The adder bites you but does no damage.
The howler monkey hoots and howls with incredible vigour!
The ufetubus hits you but does no damage.
The ufetubus hits you.
* * * LOW HITPOINT WARNING * * *
You hear a shout! x2
The adder barely misses you. The scorpion barely misses you.
Unknown command.
The ufetubus attacks as you move away! The ufetubus hits you.
* * * LOW HITPOINT WARNING * * *
The ufetubus hits you but does no damage.
The adder bites you.
* * * LOW HITPOINT WARNING * * *
You are lethally poisoned!
The adder poisons you!
The ufetubus hits you but does no damage. x2
The adder attacks as you move away! The adder bites you but does no damage.
The ufetubus attacks as you move away! The ufetubus hits you.
* * * LOW HITPOINT WARNING * * *
The ufetubus hits you but does no damage.
The scorpion attacks as you move away! The scorpion barely misses you.
You die...

#......... #......##..
. #.<........ .
######......#..#.#
#.O)>†.######..#.#
###.###### ..#.# §...#
###...###.. .#h.#
#..<......# .....##
###S#@...# .......
#..5.....# .......#
##>.s.....#
.......####h.........#
.......h.O.hh........#
#####..###............#
#.. ...#............
...##.###..$......##.
>##. .. .......##..


You could see an ogre (weak-willed), a scorpion, a howler monkey, an ufetubus
and 2 jackals.

Vanquished Creatures
  2 black bears (D:4)
  A kobold brigand (D:4)
  2 necrophages (D:4)
  A howler monkey (D:5)
  2 hounds
  2 orc priests (D:3)
  Natasha (D:3)
  4 adders
  An ufetubus (D:5)
  2 dart slugs
  20 orcs
  10 endoplasms
  2 giant cockroaches
  12 goblins
  3 hobgoblins
  2 jackals (D:5)
  5 quokkas
  3 ball pythons
  8 bats
  3 frilled lizards
  9 kobolds
  10 rats
105 creatures vanquished.

Notes
Turn   | Place    | Note
-------+----------+-------------------------------------------
     0 | D:1      | MisterFreud the Draconian Gladiator began the quest for the
                  | Orb.
     0 | D:1      | Reached XP level 1. HP: 17/17 MP: 1/1
   327 | D:1      | Reached XP level 2. HP: 23/24 MP: 2/2
   633 | D:1      | Reached skill level 4 in Staves
   814 | D:1      | You fall into a shaft and drop 1 floor!
  1212 | D:2      | Reached XP level 3. HP: 20/29 MP: 3/3
  2511 | D:4      | Noticed a black bear
  2517 | D:4      | Noticed a necrophage
  2534 | D:4      | Killed a necrophage
  2535 | D:4      | Reached skill level 5 in Staves
  2535 | D:4      | Reached XP level 4. HP: 15/36 MP: 4/4
  2541 | D:4      | Killed a black bear
  2542 | D:4      | Reached skill level 6 in Staves
  2542 | D:4      | Reached XP level 5. HP: 14/45 MP: 5/5
  2893 | D:4      | Found a burning altar of Makhleb.
  2911 | D:4      | Found a stormy altar of Qazlal.
  2930 | D:3      | Reached XP level 6. HP: 26/52 MP: 6/6
  3494 | D:3      | Noticed Natasha
  3502 | D:3      | Killed Natasha
  3504 | D:3      | Found a snail-covered altar of Cheibriados.
  3773 | D:4      | Reached skill level 5 in Fighting
  3783 | D:4      | Your scales start taking on a rich purple colour.
  3783 | D:4      | Reached XP level 7. HP: 36/61 MP: 7/7
  4139 | D:4      | Found a sacrificial altar of Ru.
  4351 | D:4      | Became a worshipper of Ru the Awakened
  4417 | D:5      | Entered Level 5 of the Dungeon
  4449 | D:5      | Reached skill level 5 in Dodging
  4466 | D:5      | HP: 1/61 [ufetubus (3)]
  4466 | D:5      | Succumbed to an adder's poison

Illustrated notes

Levels and vault maps discovered:
D:1:      beargit_arrival_greenhouse, layout_basic, serial_corexii_hall,
          chequers_hall_statues_corner_a, corexii_hall_statues_t,
          corexii_hall_statues_x, corexii_hall_statues_x,
          chequers_hall_statues_y, chequers_hall_statues_wall_a
D:2:      layout_loops_corners
D:3:      layout_basic, lemuel_coloured_pillars_altar, uniq_natasha
D:4:      layout_cave_pools, kennysheep_little_box, kennysheep_mini,
          nicolae_qazlal_general_emergency, minmay_unequal
D:5:      layout_rooms, st_stairs_7, minmay_misc_feat_more_columns,
          kennysheep_nub, serial_bayou_lagoon_a

Skill      XL: |  1  2  3  4  5  6  7 |
---------------+----------------------+-----
Staves         | 4 5 6 |  6.1
Fighting       | 3 4 5 |  5.0
Dodging        | 4 5 |  5.0
Throwing       | |  1.7

Action                   |  1- 3 |  4- 6 |  7- 9 || total
-------------------------+-------+-------+-------++-------
Melee: Quarterstaff      |   121 |   130 |    72 ||   323
       Tailslap          |    12 |    12 |     5 ||    29
  Use: Scroll            |     4 |     6 |     3 ||    13
       Potion            |     2 |       |     1 ||     3
 Stab: Distracted        |     1 |       |       ||     1
       Sleeping          |       |     1 |     1 ||     2
Armor: Skin              |    45 |    47 |    39 ||   131
Dodge: Dodged            |    96 |    91 |    63 ||   250
